 Dungeon Crawl Stone Soup version 0.20.1-1-g8b1a95d (webtiles) character file.

25980 vineage the Blocker (level 12, -9/107 HPs)
             Began as a Minotaur Berserker on July 28, 2017.
             Was the Champion of Trog.
             Killed from afar by a shock serpent (10 damage)
             ... with an electric aura
             ... on level 14 of the Dungeon.
             The game lasted 00:41:15 (11316 turns).

vineage the Blocker (Minotaur Berserker)           Turns: 11316, Time: 00:41:17

Health: -9/107     AC: 12    Str: 25    XL:     12   Next: 94%
Magic:  11/11      EV: 12    Int:  4    God:    Trog [******]
Gold:   799        SH: 25    Dex: 12    Spells: 11/11 levels left

rFire    x . .     SeeInvis .   M - +7 rapier (elec)
rCold    + + .     Gourm    .   i - +0 large shield
rNeg     . . .     Faith    .   U - +4 robe of the Lair of Beasts {+Inv rF+ MR+ Regen+}
rPois    +         Spirit   .   (helmet unavailable)
rElec    .         Reflect  +   u - +1 cloak
rCorr    .         Harm     .   H - +0 pair of gloves
MR       +....                  (no boots)
Stlth    ++........             k - +5 amulet of reflection
Regen    0.7/turn               s - ring of ice
MPRegen  0.2/turn               L - ring of ice

@: hasted, very quick
A: retaliatory headbutt, horns 3, thin metallic scales 1, poison resistance
a: Berserk, Trog's Hand, Brothers in Arms, Burn Spellbooks, Renounce Religion,
Evoke Invisibility


You were on level 14 of the Dungeon.
You worshipped Trog.
Trog was exalted by your worship.
You were not hungry.

You visited 1 branch of the dungeon, and saw 14 of its levels.
You also visited: Sewer and Bailey.

You collected 1147 gold pieces.
You spent 348 gold pieces at shops.

Inventory:

Hand Weapons
 m - a +2 double sword of protection
 A - a +2 scimitar of holy wrath
 M - a +7 rapier of electrocution (weapon)
Armour
 i - a +0 large shield (worn)
 p - a +0 plate armour
 u - a +1 cloak (worn)
 H - a +0 pair of gloves (worn)
 U - the +4 robe of the Lair of Beasts (worn) {+Inv rF+ MR+ Regen+}
   (You found it in a bailey)

   It protects you from fire.
   It affects your resistance to hostile enchantments.
   It lets you turn invisible.
   It increases your rate of regeneration.
Jewellery
 e - an uncursed amulet of magic regeneration
 k - a +5 amulet of reflection (around neck)
 q - an uncursed amulet of harm
 s - a ring of ice (left hand)
 t - a cursed ring of resist corrosion {unknown}
 v - an uncursed amulet of regeneration
 E - an uncursed amulet of faith {unknown}
 L - a ring of ice (right hand)
Wands
 a - a wand of paralysis (10/24)
 g - a wand of flame (16/48)
 l - a wand of confusion (18/48)
 n - a wand of acid (7/15)
 y - a wand of lightning (6/15)
 R - a wand of enslavement (18/24)
 W - a wand of flame (25/48)
 X - a wand of paralysis (9/24)
Scrolls
 r - a scroll of amnesia
 C - a scroll of recharging
 N - 2 scrolls of remove curse
 S - 4 scrolls of teleportation
Potions
 b - a potion of lignification
 d - 2 potions of mutation
 o - 5 potions of brilliance
 w - 3 potions of berserk rage
 z - a potion of resistance
 B - 9 potions of flight
 D - 4 potions of curing
 G - 3 potions of degeneration
 I - a potion of invisibility
 O - a potion of might
 P - a potion of cancellation
 Q - a potion of agility
Books
 j - a book of Changes

   Spells                             Type                      Level
   a - Beastly Appendage              Transmutation                1
   b - Sticks to Snakes               Transmutation                2
   c - Spider Form                    Transmutation/Poison         3
   d - Ice Form                       Ice/Transmutation            4
   e - Blade Hands                    Transmutation                5
   Trog disapproves of the use of such an item.
 K - a book of Conjurations

   Spells                             Type                      Level
   a - Magic Dart                     Conjuration                  1
   b - Searing Ray                    Conjuration                  2
   c - Dazzling Spray                 Conjuration/Hexes            3
   d - Fulminant Prism                Conjuration/Hexes            4
   e - Force Lance                    Conjuration/Translocation    4
   f - Iskenderun's Mystic Blast      Conjuration                  4
   Trog disapproves of the use of such an item.
Miscellaneous
 Y - a phantom mirror
Comestibles
 c - 3 bread rations
 f - 2 meat rations
 h - 27 fruits
 x - 6 royal jellies


   Skills:
 + Level 10.4 Fighting
 + Level 9.1(11.8) Short Blades
 + Level 13.0(14.1) Long Blades
   Level 4.4 Polearms
 + Level 7.8 Armour
 + Level 5.7 Dodging
 + Level 2.2 Stealth
 + Level 14.1 Shields


You had 11 spell levels left.
You didn't know any spells.

Dungeon Overview and Level Annotations

Branches:
Dungeon (14/15)            Temple (0/1) D:6            Lair (0/6) D:10
    Orc (0/2) D:12         Vaults (0/5) D:13

Altars:
Ashenzari
Dithmenos
Gozag
Hepliaklqana
Kikubaaqudgha
Makhleb
Nemelex Xobeh
Ru
Sif Muna
Uskayaw
Vehumet
Xom
The Shining One

Shops:
D:5 *([?   D:8 [   D:9 =   D:12 [(   D:14 *


Innate Abilities, Weirdness & Mutations

You reflexively headbutt those who attack you in melee.
You have a pair of large horns on your head.
You are partially covered in thin metallic scales. (AC +2)
Your system is resistant to poisons. (rPois)


Message History

The living lightning hits you!
The living lightning hits the raiju.
The raiju completely resists.
The raiju blinks! x2
You block the shock serpent's attack.
A raiju comes into view.
The shock serpent bites you! The shock serpent shocks you!
The raiju barks!
The raiju stops to sniff the ground.
Found a papyrus book.
The raiju bursts into living lightning!
The living lightning misses you. The living lightning hits you!
* * * LOW HITPOINT WARNING * * *
The raiju blinks!
You feel yourself speed up.
The shock serpent shoots out a bolt of lightning at you!
The bolt of electricity hits you!
* * * LOW HITPOINT WARNING * * *
The shock serpent closely misses you. You furiously retaliate!
You headbutt the shock serpent!!
The shock serpent's electric aura discharges, shocking you!
You die...

# ....## #.#....##... ##.
.⌠...## #.#....##...
#.........## #.#....##...
....###....###.#....##...
...........#..#....##...
#.#:#.#...#..#.........
.:#h.#.⌠....#......#..
..#.#h#§#...#†.#.......##
......JS@...#..'....#..#.
....###.h..##..####+....#
#. ....h.##.............
...⌠...##..............
#.....#######..........
###.### #.......... ..
#.......... ...
#..#....... #..#.......


You could see a slime creature, a shock serpent and 4 raiju.

Vanquished Creatures
  A yaktaur captain (D:13)
  2 catoblepae (D:14)
  6 two-headed ogres
  An orc knight (Bailey)
  A wolf spider (D:14)
  11 ugly things (D:14)
  2 cyclopes
  A centaur zombie (D:14)
  Joseph (D:9)
  2 yaktaurs (D:13)
  2 kobold demonologists (D:10)
  A komodo dragon (D:14)
  An efreet (D:13)
  3 trolls
  Grinder (Sewer)
  3 hippogriffs
  4 slime creatures (D:13)
  Prince Ribbit (D:6)
  A raiju (D:14)
  A meliai zombie (D:13)
  A vampire (D:13)
  5 yaks (D:11)
  A wyvern (D:8)
  Menkaure (D:4)
  A steam dragon (D:10)
  3 wargs (D:10)
  4 water moccasins
  A black bear (D:11)
  13 orc warriors
  3 phantoms
  A sky beast (D:8)
  4 ogres
  2 centaurs
  3 ice beasts
  A crocodile (D:12)
  6 big kobolds
  9 bullfrogs
  A gnoll sergeant (D:13)
  A wyvern zombie (D:9)
  2 water moccasin zombies
  A wyvern skeleton (D:13)
  5 scorpions
  9 killer bees
  4 wights (D:6)
  3 howler monkeys
  7 crimson imps
  A quasit (Sewer)
  5 hounds
  A jelly (D:13)
  2 bullfrog skeletons
  6 orc priests
  10 orc wizards
  An iguana (D:5)
  8 worker ants
  A big kobold zombie (Sewer)
  3 hound zombies
  3 hound skeletons
  A howler monkey zombie (D:5)
  11 gnolls
  11 adders
  8 shadow imps
  3 ufetubi (Sewer)
  An ooze (D:4)
  3 worms
  3 dart slugs
  4 leopard geckos
  42 orcs
  3 ball pythons
  A bat zombie (Sewer)
  8 giant cockroaches
  15 goblins
  11 hobgoblins
  4 jackals
  7 quokkas
  9 bats
  10 frilled lizards
  A giant cockroach zombie (Sewer)
  41 kobolds
  2 kobold zombies (Sewer)
  3 leopard gecko skeletons
  6 rats
387 creatures vanquished.

Vanquished Creatures (others)
  A centaur warrior (D:14)
  An ugly thing (D:14)
  A cyclops (D:13)
  A centaur (D:11)
  An ooze (Sewer)
  13 kobolds
18 creatures vanquished.

Grand Total: 405 creatures vanquished

Notes
Turn   | Place    | Note
-------+----------+-------------------------------------------
     0 | D:1      | vineage the Minotaur Berserker began the quest for the Orb.
     0 | D:1      | Reached XP level 1. HP: 19/19 MP: 0/0
    57 | D:1      | Gained mutation: You are partially covered in thin metallic scales. (AC +2) [potion of mutation]
    57 | D:1      | Gained mutation: You have a pair of large horns on your head. [potion of mutation]
    57 | D:1      | Gained mutation: Your system is resistant to poisons. (rPois) [potion of mutation]
    75 | D:1      | Reached XP level 2. HP: 24/27 MP: 1/1
   459 | D:2      | Reached ** piety under Trog
   521 | D:2      | Reached XP level 3. HP: 31/33 MP: 2/2
   611 | D:2      | Found a faded altar of an unknown god.
   793 | D:2      | Reached skill level 1 in Short Blades
  1008 | D:3      | Reached XP level 4. HP: 29/41 MP: 3/3
  1298 | D:3      | Reached *** piety under Trog
  1298 | D:3      | Reached XP level 5. HP: 42/47 MP: 4/4
  1320 | D:3      | Found an ancient bone altar of Kikubaaqudgha.
  1477 | D:4      | Found a hide-covered altar of Uskayaw.
  1479 | D:4      | Noticed a dagger
  1479 | D:4      | Noticed a hand axe
  1625 | D:4      | Noticed Menkaure
  1639 | D:4      | Killed Menkaure
  1639 | D:4      | Reached XP level 6. HP: 18/55 MP: 5/5
  2413 | D:5      | Entered Level 5 of the Dungeon
  2468 | D:5      | Found a deep blue altar of Sif Muna.
  2510 | D:5      | Found Tiekkust's Antique Weapon Boutique.
  2518 | D:5      | Bought a glowing scimitar for 168 gold pieces
  2552 | D:5      | Reached skill level 5 in Fighting
  2658 | D:5      | Found a shadowy altar of Dithmenos.
  2671 | D:5      | Reached skill level 1 in Shields
  2711 | D:5      | Reached skill level 5 in Short Blades
  2816 | D:5      | Found Luupab's Assorted Antiques.
  2824 | D:5      | Bought a murky puce potion for 27 gold pieces
  2824 | D:5      | Bought a coppery potion for 27 gold pieces
  2844 | D:5      | Noticed an ice beast
  2853 | D:5      | Killed an ice beast
  2853 | D:5      | Reached XP level 7. HP: 48/61 MP: 6/6
  2909 | D:5      | Reached skill level 1 in Long Blades
  3137 | D:5      | Found a hazy altar of Hepliaklqana.
  3221 | D:5      | Found Exzefef's Antique Armour Emporium.
  3272 | D:5      | Found Ufuylaar's Magic Scroll Shop.
  3275 | D:5      | Bought a scroll of identify for 22 gold pieces
  3275 | D:5      | Bought a scroll of enchant weapon for 82 gold pieces
  3275 | D:5      | Bought a scroll of identify for 22 gold pieces
  3392 | D:6      | Reached skill level 2 in Shields
  3406 | D:6      | Reached **** piety under Trog
  3406 | D:6      | Reached skill level 5 in Armour
  3500 | D:6      | Noticed Prince Ribbit
  3515 | D:6      | Killed Prince Ribbit
  3515 | D:6      | Reached XP level 8. HP: 36/69 MP: 7/7
  3613 | D:6      | Found a glowing drain.
  3673 | D:6      | Reached skill level 3 in Shields
  3680 | Sewer    | Entered a sewer
  3890 | Sewer    | Found a burning altar of Makhleb.
  3905 | Sewer    | Reached skill level 5 in Long Blades
  3991 | Sewer    | Noticed Grinder
  3997 | Sewer    | Paralysed by Grinder for 3 turns
  4003 | Sewer    | Killed Grinder
  4003 | Sewer    | Reached skill level 4 in Shields
  4232 | D:6      | Reached ***** piety under Trog
  4263 | D:6      | Found a staircase to the Ecumenical Temple.
  4396 | D:6      | Found an opulent altar of Gozag.
  4411 | D:6      | Found a sparkling altar of Nemelex Xobeh.
  4554 | D:7      | Reached skill level 5 in Shields
  4684 | D:7      | Reached skill level 6 in Shields
  4685 | D:7      | Reached XP level 9. HP: 75/75 MP: 8/8
  4990 | D:7      | Found a shimmering altar of Xom.
  4997 | D:7      | Found a shattered altar of Ashenzari.
  4998 | D:7      | Found a sacrificial altar of Ru.
  5409 | D:8      | Reached skill level 7 in Shields
  5436 | D:8      | Found Ujeu's Antique Armour Shop.
  5576 | D:8      | Received a gift from Trog
  5720 | D:8      | Reached skill level 8 in Shields
  5765 | D:8      | Found a burning altar of Makhleb.
  5765 | D:8      | Found a radiant altar of Vehumet.
  6119 | D:9      | Found Vadeq's Jewellery Shoppe.
  6125 | D:9      | Noticed a two-headed ogre
  6135 | D:9      | Killed a two-headed ogre
  6135 | D:9      | Reached XP level 10. HP: 65/86 MP: 9/9
  6397 | D:9      | Noticed a two-headed ogre
  6405 | D:9      | Killed a two-headed ogre
  6405 | D:9      | Reached skill level 10 in Long Blades
  6405 | D:9      | Reached skill level 9 in Shields
  6407 | D:9      | Noticed Joseph
  6417 | D:9      | Killed Joseph
  6713 | D:9      | Noticed a two-headed ogre
  6720 | D:9      | Killed a two-headed ogre
  6866 | D:10     | Entered Level 10 of the Dungeon
  6920 | D:10     | Reached skill level 10 in Shields
  6968 | D:10     | Found a staircase to the Lair.
  7006 | D:10     | Reached XP level 11. HP: 63/95 MP: 10/10
  7177 | D:10     | Noticed a soul eater
  7316 | D:10     | You fall through a shaft for 3 floors!
  7334 | D:13     | Found a glowing golden altar of the Shining One.
  7377 | D:12     | Noticed a two-headed ogre
  7384 | D:12     | Killed a two-headed ogre
  7384 | D:12     | Reached skill level 1 in Stealth
  7384 | D:12     | Reached skill level 11 in Shields
  7637 | D:12     | Found a staircase to the Orcish Mines.
  7637 | D:12     | Found Leesmonovo's Weapon Shop.
  7639 | D:12     | Found Emmaiteq's Armour Shop.
  7918 | D:12     | Found a flagged portal.
  7930 | Bailey   | Entered a bailey
  7944 | Bailey   | Noticed an orc knight
  7965 | Bailey   | Killed an orc knight
  8007 | Bailey   | Received a gift from Trog
  8155 | Bailey   | Got a fine robe
  8872 | D:11     | Reached ****** piety under Trog
  8877 | D:11     | Reached skill level 12 in Shields
  9063 | D:11     | Noticed a two-headed ogre
  9071 | D:11     | Killed a two-headed ogre
  9145 | D:11     | Identified a scroll of acquirement
  9152 | D:11     | Identified the +4 robe of the Lair of Beasts {+Inv rF+ MR+ Regen+} (You found it in a bailey)
  9570 | D:13     | Noticed a yaktaur captain
  9578 | D:13     | Killed a yaktaur captain
  9581 | D:13     | Found a gate to the Vaults.
  9601 | D:13     | Reached XP level 12. HP: 58/105 MP: 11/11
  9951 | D:13     | Received a gift from Trog
 10143 | D:13     | Reached skill level 13 in Shields
 10307 | D:14     | Noticed a catoblepas
 10330 | D:14     | Killed a catoblepas
 10733 | D:14     | Reached skill level 10 in Fighting
 10822 | D:14     | Noticed a catoblepas
 10831 | D:14     | Killed a catoblepas
 10831 | D:14     | Reached skill level 5 in Dodging
 10912 | D:14     | Found Xaufedgh's General Store.
 11033 | D:14     | Noticed a centaur warrior
 11033 | D:14     | Noticed a two-headed ogre
 11049 | D:14     | Killed a centaur warrior
 11062 | D:14     | Killed a two-headed ogre
 11062 | D:14     | Reached skill level 14 in Shields
 11078 | D:14     | HP: 1/107 [red ugly thing (28)]
 11090 | D:14     | HP: 6/160 [acid (8)]
 11316 | D:14     | HP: 1/107 [shock serpent/bolt of electricity (22)]
 11316 | D:14     | Killed from afar by a shock serpent

Skill      XL: |  1  2  3  4  5  6  7  8  9 10 11 12 |
---------------+-------------------------------------+-----
Polearms       | 4 |  4.4
Fighting       | 4 5 6 7 8 9 10 | 10.4
Short Blades   | 1 2 4 5 6 9 |  9.1
Armour         | 3 4 5 6 7 |  7.8
Shields        | 1 2 6 8 10 12 14 | 14.1
Long Blades    | 4 6 9 11 13 | 13.0
Dodging        | 3 5 |  5.7
Stealth        | 1 2 |  2.2

Action                   |  1- 3 |  4- 6 |  7- 9 | 10-12 || total
-------------------------+-------+-------+-------+-------++-------
Melee: Spear             |     8 |       |       |       ||     8
       Short sword       |    90 |   126 |       |       ||   216
       Headbutt          |    16 |    20 |    50 |   152 ||   238
       Scimitar          |       |    14 |   363 |   437 ||   814
       Rapier            |       |       |       |   251 ||   251
  Use: Potion            |     1 |     2 |       |    14 ||    17
       Scroll            |       |     8 |     7 |    18 ||    33
  Eat: Chunk             |       |     3 |     1 |     2 ||     6
       Fruit             |       |     1 |     2 |     7 ||    10
       Royal jelly       |       |     1 |       |       ||     1
       Bread ration      |       |       |     2 |     1 ||     3
       Meat ration       |       |       |       |     1 ||     1
Armor: Animal skin       |     9 |       |       |       ||     9
       Chain mail        |    13 |       |       |       ||    13
       Plate armour      |    31 |   107 |   258 |   110 ||   506
       Robe              |       |       |       |    28 ||    28
       Skin              |       |       |       |     4 ||     4
Dodge: Dodged            |    57 |    51 |    45 |    62 ||   215
Block: Large shield      |       |    27 |   354 |   625 ||  1006
       Reflection        |       |       |       |    95 ||    95
       Rpst.: Scimitar   |       |       |    11 |     5 ||    16
